 Dungeon Crawl Stone Soup version 0.31-a0-237-g2d982f9f85 (webtiles) character file.

Game seed: 8888632383083382360

245 qw the Shooter (level 6, 0/37 HPs)
             Began as a Gargoyle Hexslinger on July 11, 2023.
             Slain by an orc wizard
             ... wielding a +0 dagger
              (3 damage)
             ... on level 4 of the Dungeon.
             The game lasted 00:01:04 (2422 turns).

qw the Shooter (Gargoyle Hexslinger)                Turns: 2422, Time: 00:01:05

Health: 0/37       AC: 11    Str: 11    XL:     6   Next: 10%
Magic:  7/7        EV: 11    Int: 14    God:
Gold:   113        SH:  0    Dex: 21    Spells: 6/7 levels left

rFire   . . .        j - +0 orcbow
rCold   . . .        (shield currently unavailable)
rNeg    + + .        e - +2 ring mail of the Equinox {Dex+7}
rPois   inf          (no helmet)
rElec   +            (no cloak)
rCorr   .            (no gloves)
SInv    .            (no boots)
Will    .....        (no amulet)
Stlth   +            f - ring of positive energy
HPRegen 0.26/turn    (no ring)
MPRegen 0.10/turn

%: no passive effects
@: no status effects
A: sickness immunity, AC +4, negative energy resistance 1, electricity
resistance, torment resistance 1, petrification resistance
a: no special abilities


You were on level 4 of the Dungeon.
You visited 2 branches of the dungeon, and saw 5 of its levels.

You collected 113 gold pieces.


Innate Abilities, Weirdness & Mutations

You are immune to sickness and miasma.
Your stone body is resilient. (AC +4)
You are immune to poison.
You resist negative energy. (rN+)
You are resistant to electric shocks. (rElec)
You are resistant to unholy torment.
You are immune to petrification.


   Skills:
 - Level 3.6 Fighting
 + Level 5.0 Ranged Weapons
 - Level 1.3 Armour
 - Level 1.5 Dodging
 - Level 1.0 Spellcasting
 - Level 2.6 Hexes


You had 6 spell levels left.
You knew the following spells:

 Your Spells              Type           Power      Damage    Failure   Level
a - Slow                  Hex            32%        N/A       21%         1

Your spell library contained the following spells:

 Spells                   Type           Power      Damage    Failure   Level
 Inner Flame              Hex/Fire       4%         N/A       71%         3
 Portal Projectile        Hex/Tloc       8%         N/A       71%         3
 Cause Fear               Hex            4%         N/A       90%         4

Inventory:

Hand Weapons
 j - a +0 orcbow (weapon)
Armour
 e - the +2 ring mail of the Equinox (worn) {Dex+7}
   (You found it on level 2 of the Dungeon)

   Dex:       It affects your dexterity (+7).
Jewellery
 f - a ring of positive energy (left hand)
Potions
 d - a potion of curing {unknown}
 g - a potion of lignification {unknown}
 h - a potion of mutation {unknown}

Dungeon Overview and Level Annotations

Branches:
Dungeon (4/15)             Temple (1/1) D:4

Altars:
Dithmenos
Elyvilon
Gozag
Kikubaaqudgha
Qazlal
Ru
Trog
Wu Jian
Xom
The Shining One


Message History

The hobgoblin barely misses you. The orc hits you but does no damage.
Something hits you but does no damage.
You shoot an arrow. The arrow hits the hobgoblin!
You kill the hobgoblin!
The orc hits you but does no damage. Something hits you but does no damage.
You shoot an arrow. The arrow barely misses the orc.
You hear some strange, mumbled words.
A magic dart appears from out of thin air!
The magic dart hits you but does no damage.
The orc closely misses you.
You hear some strange, mumbled words.
You are confused.
The orc misses you.
An orc wizard appears from thin air!
Reactivating autopickup.
The orc wizard closely misses you. The orc barely misses you.
The orc wizard barely misses you. The orc barely misses you.
The orc closely misses you. The orc wizard completely misses you.
The orc hits you but does no damage. The orc wizard closely misses you.
You feel less confused.
The orc wizard hits you but does no damage.
The orc hits you but does no damage.
You shoot an arrow.
The arrow closely misses the orc wizard.
The orc wizard hits you with a +0 dagger.
The orc hits you with a +0 club.
You shoot an arrow.
The arrow closely misses the orc wizard.
The orc hits you but does no damage.
The orc wizard gestures wildly while chanting.
The orc wizard flickers and vanishes!
Deactivating autopickup; reactivate with Ctrl-A.
You shoot an arrow. The arrow hits the orc.
The orc is moderately wounded.
Something hits you but does no damage. The orc hits you but does no damage.
Something hits you but does no damage. The orc barely misses you.
You shoot an arrow. The arrow hits the orc!
You kill the orc!
Something hits you.
You die...

###......#....##
#..............#
#............##
#..............
..............# .)........[...
..............###.............
......<........#.............
........................
........................
...........)....)%......
................@{......
................))......
........................
#.......................
###.....................
###...................
####.........$......
.............?.


There were no monsters in sight!

Vanquished Creatures
  A scorpion (D:4)
  Terence (D:3)
  An orc wizard (D:4)
  4 gnolls
  3 adders
  2 worms (D:3)
  3 dart slugs
  7 orcs
  2 ball pythons
  7 endoplasms
  3 giant cockroaches
  7 goblins
  4 hobgoblins
  2 bats
  4 frilled lizards
  3 kobolds
  5 rats
59 creatures vanquished.

Notes
Turn   | Place    | Note
-------+----------+-------------------------------------------
     0 | D:1      | qw the Gargoyle Hexslinger began the quest for the Orb.
     0 | D:1      | Reached XP level 1. HP: 12/12 MP: 2/2
     0 | D:1      | 0 ||| qw: Version: 0.3-a-52-g30416fa
     0 | D:1      | 0 ||| qw: Game counter: 5446
     0 | D:1      | 0 ||| qw: Melee chars always use a shield: true
     0 | D:1      | 0 ||| qw: God list: Okawaru
     0 | D:1      | 0 ||| qw: Allow faded altars: false
     0 | D:1      | 0 ||| qw: Do Orc after clearing Dungeon:15 true
     0 | D:1      | 0 ||| qw: Do second Lair branch before Depths: true
     0 | D:1      | 0 ||| qw: Lair rune preference: random
     0 | D:1      | 0 ||| qw: Goals: Normal
     0 | D:1      | 0 ||| PLANNING D:1-11
   256 | D:1      | Reached XP level 2. HP: 10/16 MP: 3/3
   396 | D:1      | Reached skill level 3 in Ranged Weapons
   721 | D:1      | 721 ||| DROPPING +6 ring of intelligence.
   722 | D:1      | 722 ||| UPGRADING to ring of positive energy.
   723 | D:1      | 723 ||| READING 2 scrolls labelled ZAOPSE RADEU.
   724 | D:1      | 724 ||| READING scroll labelled OHA VUPLIGH.
   728 | D:1      | 728 ||| DROPPING scroll of noise.
   729 | D:1      | 729 ||| DROPPING scroll of poison.
   777 | D:2      | Reached XP level 3. HP: 21/21 MP: 4/4
   901 | D:2      | Found a faded altar of an unknown god.
   971 | D:2      | Identified the +2 ring mail of the Equinox {Dex+7}
  1124 | D:2      | 1124 ||| SWAPPING to +0 orcbow.
  1127 | D:2      | 1127 ||| DROPPING +1 sling.
  1269 | D:2      | 1269 ||| UPGRADING to +0 ring mail.
  1279 | D:2      | 1279 ||| DROPPING +0 robe.
  1280 | D:2      | 1280 ||| UPGRADING to +2 ring mail of the Equinox {Dex+7}.
  1290 | D:2      | 1290 ||| DROPPING +0 ring mail.
  1301 | D:3      | 1301 ||| STAIRDANCE
  1304 | D:2      | HP: 5/21 [gnoll/+0 flail (10)]
  1378 | D:3      | 1378 ||| STAIRDANCE
  1382 | D:2      | Reached skill level 4 in Ranged Weapons
  1382 | D:2      | Reached XP level 4. HP: 20/26 MP: 5/5
  1409 | D:3      | 1409 ||| STAIRDANCE
  1429 | D:3      | 1429 ||| STAIRDANCE
  1449 | D:3      | Reached skill level 1 in Armour
  1670 | D:3      | 1670 ||| Stepping ~*~*~tactically~*~*~ (water).
  1714 | D:3      | Reached XP level 5. HP: 25/30 MP: 6/6
  1755 | D:3      | Noticed Terence
  1773 | D:3      | Killed Terence
  2015 | D:3      | 2015 ||| Stepping ~*~*~tactically~*~*~ (water).
  2145 | D:3      | 2145 ||| DRINKING 3 bubbling sapphire potions.
  2146 | D:3      | 2146 ||| DROPPING 2 potions of brilliance.
  2220 | D:4      | Found a staircase to the Ecumenical Temple.
  2221 | D:4      | 2221 ||| PLANNING TEMPLE
  2229 | Temple   | Entered the Ecumenical Temple
  2284 | Temple   | 2284 ||| PLANNING D:1-11
  2329 | D:4      | HP: 7/30 [orc/+0 club (3)]
  2330 | D:4      | 2330 ||| READING scroll of teleportation.
  2331 | D:4      | 2331 ||| DRINKING potion of heal wounds.
  2391 | D:4      | Reached skill level 5 in Ranged Weapons
  2399 | D:4      | Reached skill level 3 in Fighting
  2399 | D:4      | Reached XP level 6. HP: 26/37 MP: 7/7
  2408 | D:4      | HP: 9/37 [something (4)]
  2419 | D:4      | HP: 5/37 [orc wizard/+0 dagger (3)]
  2419 | D:4      | HP: 2/37 [orc/+0 club (3)]
  2422 | D:4      | Slain by an orc wizard

Levels and vault maps discovered:
D:1:      nicolae_arrival_somewhat_less_tricky_arrival, layout_basic
D:2:      layout_rooms, ebering_ecumenical_altar_abandoned, hex_intersection,
          nicolae_eternal_life
D:3:      layout_loops_ring, serial_bayou, serial_bayou_lagoon_a,
          serial_bayou_lake_a, serial_bayou_shore_a, serial_bayou_pond_a,
          serial_bayou_pond_b, serial_bayou_pond_d, dreamdust_mushroom_princess,
          uniq_terence
D:4:      layout_cave_pods, general_overflow_altar, minitemple, temple_fountains
Temple:   zaba_magenta_temple

Skill      XL: |  1  2  3  4  5 |
---------------+----------------+-----
Ranged Weapons | 3 4 5 |  5.0
Fighting       | 2 3 |  3.6
Armour         | 1 |  1.3
Dodging        | |  1.5
Spellcasting   | |  1.0
Hexes          | |  2.6

Action                     |  1- 3 |  4- 6 || total
---------------------------+-------+-------++-------
   Fire: Sling             |    64 |       ||    64
         Orcbow            |    13 |   120 ||   133
    Use: Scroll            |     2 |     1 ||     3
         Potion            |       |     2 ||     2
 Armour: Robe              |     7 |       ||     7
         Ring mail         |    10 |    81 ||    91
  Dodge: Dodged            |    22 |    84 ||   106

Table legend:
 A = Non-vault XP
 B = Vault XP
 C = Vault XP percentage of total XP
 D = Non-vault monster count
 E = Vault monster count
 F = Vault count percentage of total count
                 A         B        C        D         E       F
            +---------+---------+-------+---------+---------+-------
      Total |     300 |      53 |  15.0 |      55 |       4 |   6.8
            +---------+---------+-------+---------+---------+-------
        D:1 |      29 |       0 |   0.0 |      14 |       0 |   0.0
        D:2 |      64 |       0 |   0.0 |      14 |       0 |   0.0
        D:3 |      69 |      53 |  43.4 |      15 |       4 |  21.1
        D:4 |     138 |       0 |   0.0 |      12 |       0 |   0.0
            +---------+---------+-------+---------+---------+-------
